% Time on Ice - SEATTLE GRUNGE
Lines # - Real PCT - Wanted PCT - Time Play
Normal Forward
1 - 32% - 36% - 14:58
2 - 30% - 31% - 14:10
3 - 27% - 23% - 12:37
4 - 11% - 10% - 5:22
Normal Defense
1 - 36% - 36% - 17:03
2 - 29% - 31% - 13:46
3 - 32% - 23% - 14:53
4 - 3% - 10% - 1:25
PP Forward
1 - 54% - 55% - 3:18
2 - 46% - 45% - 2:47
PP Defense
1 - 53% - 55% - 3:15
2 - 47% - 45% - 2:50
PK Forward
1 - 60% - 55% - 3:35
2 - 40% - 45% - 2:22
PK Defense
1 - 41% - 55% - 2:26
2 - 59% - 45% - 3:31
PK3 Forward
1 - 0% - 55%
2 - 0% - 45%
PK3 Defense
1 - 0% - 55%
2 - 0% - 45%
44 Forward
1 - 0% - 55%
2 - 0% - 45%
44 Defense
1 - 0% - 55%
2 - 0% - 45%
Last Minute Offensive  - 0:00
Last Minute Defensive  - 0:51
Total
Forward - 60:00
Defense - 60:00
% Time on Ice - LAS VEGAS LIZARD KINGS
Lines # - Real PCT - Wanted PCT - Time Play
Normal Forward
1 - 37% - 37% - 17:15
2 - 28% - 30% - 13:16
3 - 22% - 23% - 10:25
4 - 13% - 10% - 6:19
Normal Defense
1 - 38% - 45% - 17:58
2 - 33% - 35% - 15:28
3 - 27% - 20% - 12:56
4 - 2% - 0% - 0:53
PP Forward
1 - 54% - 65% - 3:14
2 - 46% - 35% - 2:43
PP Defense
1 - 48% - 55% - 2:52
2 - 52% - 45% - 3:05
PK Forward
1 - 65% - 55% - 3:56
2 - 35% - 45% - 2:09
PK Defense
1 - 46% - 60% - 2:49
2 - 54% - 40% - 3:16
PK3 Forward
1 - 0% - 55%
2 - 0% - 45%
PK3 Defense
1 - 0% - 55%
2 - 0% - 45%
44 Forward
1 - 0% - 55%
2 - 0% - 45%
44 Defense
1 - 0% - 55%
2 - 0% - 45%
Last Minute Offensive  - 0:43
Last Minute Defensive  - 0:00
Total
Forward - 60:00
Defense - 60:00
Play-by-Play 1st period 0:01 of 1st period - Tyler Seguin wins face-off versus Ryan Nugent-Hopkins in neutral zone. 0:12 of 1st period - Shot by William Nylander. 0:12 of 1st period - Stopped by Kaapo Kahkonen without a rebound. 0:13 of 1st period - Travis Boyd wins face-off versus Jeff Carter in LAS VEGAS LIZARD KINGS zone. 0:18 of 1st period - Shot by Travis Boyd. 0:18 of 1st period - Shot Misses the Net. 0:35 of 1st period - Icing by Matt Roy. 0:36 of 1st period - Jeff Carter wins face-off versus Curtis Lazar in LAS VEGAS LIZARD KINGS zone. 1:33 of 1st period - Icing by John Marino. 1:34 of 1st period - Tyler Seguin wins face-off versus Vladislav Namestnikov in LAS VEGAS LIZARD KINGS zone. 1:51 of 1st period - Shot by Victor Olofsson. 1:51 of 1st period - Deflect By Vladislav Namestnikov. 1:51 of 1st period - Stopped by Karel Vejmelka with a rebound. 1:53 of 1st period - Shot by John Marino. 1:53 of 1st period - Shot Blocked by Brett Kulak. 1:55 of 1st period - Shot by Vladislav Namestnikov. 1:55 of 1st period - Shot Blocked by Brett Kulak. 2:16 of 1st period - William Nylander is hit by Joe Pavelski and loses puck. 2:39 of 1st period - Icing by Ryan Nugent-Hopkins. 2:40 of 1st period - Ryan Nugent-Hopkins wins face-off versus Travis Boyd in LAS VEGAS LIZARD KINGS zone. 2:40 of 1st period - Ryan Nugent-Hopkins is hit by Jimmy Vesey. 2:41 of 1st period - Minor Penalty to Jimmy Vesey for Boarding. 2:42 of 1st period - Alexey Toropchenko wins face-off versus Jeff Carter in SEATTLE GRUNGE zone. 3:11 of 1st period - Shot by Brandon Hagel. 3:11 of 1st period - Deflect By Evan Rodrigues. 3:11 of 1st period - Shot Misses the Net. 3:17 of 1st period - Shot by Matt Roy. 3:17 of 1st period - Stopped by Karel Vejmelka without a rebound. 3:18 of 1st period - Warren Foegele wins face-off versus Ryan Nugent-Hopkins in SEATTLE GRUNGE zone. 3:18 of 1st period - Warren Foegele is hit by Joe Pavelski. 4:51 of 1st period - Off-side. 4:52 of 1st period - Ty Dellandrea wins face-off versus Travis Boyd in neutral zone. 4:57 of 1st period - Travis Boyd is hit by Vladislav Namestnikov and loses puck. 5:06 of 1st period - Shot by Travis Boyd. 5:06 of 1st period - Stopped by Kaapo Kahkonen without a rebound. 5:07 of 1st period - Curtis Lazar wins face-off versus Jeff Carter in LAS VEGAS LIZARD KINGS zone. 5:10 of 1st period - Shot by Alexey Toropchenko. 5:10 of 1st period - Stopped by Kaapo Kahkonen without a rebound. 5:11 of 1st period - Morgan Geekie wins face-off versus Brandon Hagel in LAS VEGAS LIZARD KINGS zone. 5:14 of 1st period - Shot by Jimmy Vesey. 5:14 of 1st period - Goal by Jimmy Vesey - SEATTLE GRUNGE : 1 - LAS VEGAS LIZARD KINGS : 0. 5:15 of 1st period - Ryan Nugent-Hopkins wins face-off versus Travis Boyd in neutral zone. 5:49 of 1st period - Shot by Jimmy Vesey. 5:49 of 1st period - Stopped by Kaapo Kahkonen without a rebound. 5:50 of 1st period - Jeff Carter wins face-off versus Tyler Seguin in LAS VEGAS LIZARD KINGS zone. 5:50 of 1st period - Jeff Carter is hit by Warren Foegele. 5:58 of 1st period - Shot by Brandon Hagel. 5:58 of 1st period - Deflect By Evan Rodrigues. 5:58 of 1st period - Shot Misses the Net. 6:00 of 1st period - Shot by Brandon Hagel. 6:00 of 1st period - Stopped by Karel Vejmelka without a rebound. 6:01 of 1st period - Luke Glendening wins face-off versus Chris Tierney in SEATTLE GRUNGE zone. 6:16 of 1st period - Rem Pitlick is hit by Zemgus Girgensons and loses puck. 6:56 of 1st period - Luke Glendening is hit by Tyler Seguin and loses puck. 7:10 of 1st period - Icing by Brett Kulak. 7:11 of 1st period - Tyler Seguin wins face-off versus Ryan Nugent-Hopkins in SEATTLE GRUNGE zone. 8:14 of 1st period - Shot by Evan Rodrigues. 8:14 of 1st period - Shot Misses the Net. 9:06 of 1st period - Shot by Curtis Lazar. 9:06 of 1st period - Stopped by Kaapo Kahkonen without a rebound. 9:07 of 1st period - Vladislav Namestnikov wins face-off versus Chris Tierney in LAS VEGAS LIZARD KINGS zone. 9:24 of 1st period - Shot by Victor Olofsson. 9:24 of 1st period - Stopped by Karel Vejmelka without a rebound. 9:25 of 1st period - Ryan Nugent-Hopkins wins face-off versus William Nylander in SEATTLE GRUNGE zone. 9:44 of 1st period - Shot by Joe Pavelski. 9:44 of 1st period - Stopped by Karel Vejmelka with a rebound. 10:04 of 1st period - Shot by Johnny Gaudreau. 10:04 of 1st period - Stopped by Karel Vejmelka without a rebound. 10:05 of 1st period - Travis Boyd wins face-off versus Ty Dellandrea in SEATTLE GRUNGE zone. 10:23 of 1st period - Shot by Jimmy Vesey. 10:23 of 1st period - Stopped by Kaapo Kahkonen without a rebound. 10:24 of 1st period - Jeff Carter wins face-off versus Curtis Lazar in LAS VEGAS LIZARD KINGS zone. 10:49 of 1st period - Brandon Hagel is hit by Nick Seeler. 10:53 of 1st period - Shot by Jeff Carter. 10:53 of 1st period - Shot Misses the Net. 10:55 of 1st period - Shot by Patrik Nemeth. 10:55 of 1st period - Deflect By Brandon Hagel. 10:55 of 1st period - Stopped by Karel Vejmelka with a rebound. 10:57 of 1st period - Shot by Brandon Hagel. 10:57 of 1st period - Stopped by Karel Vejmelka with a rebound. 11:34 of 1st period - Shot by Travis Boyd. 11:34 of 1st period - Shot Misses the Net. 11:36 of 1st period - Shot by Travis Boyd. 11:36 of 1st period - Shot Misses the Net. 11:38 of 1st period - Shot by Jimmy Vesey. 11:38 of 1st period - Deflect By Morgan Geekie. 11:38 of 1st period - Shot Misses the Net. 11:42 of 1st period - Shot by Morgan Geekie. 11:42 of 1st period - Shot Misses the Net. 11:44 of 1st period - Shot by Travis Boyd. 11:44 of 1st period - Stopped by Kaapo Kahkonen without a rebound. 11:45 of 1st period - Ryan Nugent-Hopkins wins face-off versus Warren Foegele in LAS VEGAS LIZARD KINGS zone. 11:45 of 1st period - Joe Pavelski is hit by Tyler Seguin and loses puck. 11:52 of 1st period - Tyler Seguin is hit by Joe Pavelski and loses puck. 12:03 of 1st period - Shot by Tyler Seguin. 12:03 of 1st period - Stopped by Kaapo Kahkonen without a rebound. 12:04 of 1st period - Chris Tierney wins face-off versus Victor Olofsson in LAS VEGAS LIZARD KINGS zone. 12:28 of 1st period - Icing by Nikita Zaitsev. 12:29 of 1st period - Ryan Nugent-Hopkins wins face-off versus Chris Tierney in SEATTLE GRUNGE zone. 12:36 of 1st period - Shot by Ryan Nugent-Hopkins. 12:36 of 1st period - Stopped by Karel Vejmelka with a rebound. 12:45 of 1st period - Icing by Brayden McNabb. 12:46 of 1st period - Jimmy Vesey wins face-off versus Ryan Nugent-Hopkins in LAS VEGAS LIZARD KINGS zone. 12:49 of 1st period - Shot by Travis Boyd. 12:49 of 1st period - Shot Misses the Net. 12:53 of 1st period - Shot by Morgan Geekie. 12:53 of 1st period - Shot Misses the Net. 12:55 of 1st period - Shot by Jimmy Vesey. 12:55 of 1st period - Deflect By Travis Boyd. 12:55 of 1st period - Shot Misses the Net. 12:57 of 1st period - Shot by Travis Sanheim. 12:57 of 1st period - Stopped by Kaapo Kahkonen without a rebound. 12:58 of 1st period - Tyler Seguin wins face-off versus Ty Dellandrea in LAS VEGAS LIZARD KINGS zone. 12:58 of 1st period - William Nylander is hit by Matt Roy and loses puck. 13:09 of 1st period - Shot by Tyler Seguin. 13:09 of 1st period - Stopped by Kaapo Kahkonen without a rebound. 13:09 of 1st period - Minor Penalty to Kaapo Kahkonen for Slashing. 13:10 of 1st period - Travis Boyd wins face-off versus Evan Rodrigues in LAS VEGAS LIZARD KINGS zone. 13:35 of 1st period - Shot by Morgan Geekie. 13:35 of 1st period - Shot Misses the Net. 13:37 of 1st period - Shot by Brett Kulak. 13:37 of 1st period - Stopped by Kaapo Kahkonen without a rebound. 13:38 of 1st period - Tyler Seguin wins face-off versus Evan Rodrigues in LAS VEGAS LIZARD KINGS zone. 14:33 of 1st period - Shot by Travis Boyd. 14:33 of 1st period - Shot Blocked by Brayden McNabb. 15:18 of 1st period - Shot by Alexey Toropchenko. 15:18 of 1st period - Shot Misses the Net. 16:43 of 1st period - Shot by Tyler Seguin. 16:43 of 1st period - Shot Misses the Net. 16:54 of 1st period - Shot by Tyler Seguin. 16:54 of 1st period - Shot Misses the Net. 17:37 of 1st period - Minor Penalty to William Borgen for Hooking. 17:38 of 1st period - Jeff Carter wins face-off versus Jimmy Vesey in SEATTLE GRUNGE zone. 17:43 of 1st period - Shot by Evan Rodrigues. 17:43 of 1st period - Shot Blocked by Kaiden Guhle. 17:49 of 1st period - Shot by Evan Rodrigues. 17:49 of 1st period - Shot Misses the Net. 17:51 of 1st period - Shot by Evan Rodrigues. 17:51 of 1st period - Shot Misses the Net. 17:53 of 1st period - Shot by Jeff Carter. 17:53 of 1st period - Stopped by Karel Vejmelka without a rebound. 17:54 of 1st period - Jimmy Vesey wins face-off versus Jeff Carter in SEATTLE GRUNGE zone. 18:57 of 1st period - Shot by Joe Pavelski. 18:57 of 1st period - Stopped by Karel Vejmelka without a rebound. 18:58 of 1st period - Ryan Nugent-Hopkins wins face-off versus Jimmy Vesey in SEATTLE GRUNGE zone. 19:30 of 1st period - Travis Boyd is hit by Brayden McNabb. 19:39 of 1st period - Icing by Matt Roy. 19:40 of 1st period - Curtis Lazar wins face-off versus Victor Olofsson in LAS VEGAS LIZARD KINGS zone. 19:41 of 1st period - Shot by Alexey Toropchenko. 19:41 of 1st period - Stopped by Kaapo Kahkonen without a rebound. 19:42 of 1st period - Jeff Carter wins face-off versus Curtis Lazar in LAS VEGAS LIZARD KINGS zone. 19:56 of 1st period - Icing by Nick Seeler. 19:57 of 1st period - Ty Dellandrea wins face-off versus Curtis Lazar in SEATTLE GRUNGE zone. Goals for this period are 1 for SEATTLE GRUNGE vs 0 for LAS VEGAS LIZARD KINGS. Shots for this period are 13 for SEATTLE GRUNGE vs 11 for LAS VEGAS LIZARD KINGS. 2nd period 0:01 of 2nd period - Ryan Nugent-Hopkins wins face-off versus Travis Boyd in neutral zone. 0:32 of 2nd period - Shot by Travis Boyd. 0:32 of 2nd period - Stopped by Kaapo Kahkonen with a rebound. 0:35 of 2nd period - Icing by John Marino. 0:36 of 2nd period - Ryan Nugent-Hopkins wins face-off versus Tyler Seguin in LAS VEGAS LIZARD KINGS zone. 1:36 of 2nd period - Shot by Jeff Carter. 1:36 of 2nd period - Stopped by Karel Vejmelka without a rebound. 1:37 of 2nd period - Travis Boyd wins face-off versus Ty Dellandrea in SEATTLE GRUNGE zone. 2:10 of 2nd period - Shot by Victor Olofsson. 2:10 of 2nd period - Deflect By Vladislav Namestnikov. 2:10 of 2nd period - Stopped by Karel Vejmelka with a rebound. 3:17 of 2nd period - Shot by Tyler Seguin. 3:17 of 2nd period - Shot Misses the Net. 3:19 of 2nd period - Shot by William Nylander. 3:19 of 2nd period - Shot Misses the Net. 3:21 of 2nd period - Shot by William Nylander. 3:21 of 2nd period - Goal by William Nylander - SEATTLE GRUNGE : 2 - LAS VEGAS LIZARD KINGS : 0. 3:22 of 2nd period - Jeff Carter wins face-off versus William Nylander in neutral zone. 3:29 of 2nd period - Shot by Brandon Hagel. 3:29 of 2nd period - Stopped by Karel Vejmelka without a rebound. 3:30 of 2nd period - Tyler Seguin wins face-off versus Ryan Nugent-Hopkins in SEATTLE GRUNGE zone. 3:36 of 2nd period - Minor Penalty to Brayden McNabb for Hooking. 3:37 of 2nd period - Tyler Seguin wins face-off versus Joe Pavelski in LAS VEGAS LIZARD KINGS zone. 3:44 of 2nd period - Shot by William Nylander. 3:44 of 2nd period - Goal by William Nylander - SEATTLE GRUNGE : 3 - LAS VEGAS LIZARD KINGS : 0. 3:45 of 2nd period - Ryan Nugent-Hopkins wins face-off versus Travis Boyd in neutral zone. 4:00 of 2nd period - Shot by Ryan Nugent-Hopkins. 4:00 of 2nd period - Stopped by Karel Vejmelka with a rebound. 4:02 of 2nd period - Shot by Ry